[Event "Karel Janecek Open 2025"]
[Site "Prague"]
[Date "2025.03.05"]
[Round "7.9"]
[White "Urazayev, Arystanbek"]
[Black "Prazak, Daniel"]
[Result "1-0"]
[Annotator "TA"]
[ECO "C67"]
[WhiteElo "2467"]
[BlackElo "2319"]
[PlyCount "91"]
[EventDate "2025.02.21"]
[EventType "swiss"]
[EventCountry "CZE"]
[SourceTitle "playchess.com"]
[Source "ChessBase"]
[SourceQuality "1"]
[TimeControl "40/5400+30:1800+30"]

1. e4 e5 2. Nf3 Nc6 3. Bb5 Nf6 4. O-O Nxe4 5. Re1 Nd6 $1 6. a4 {[%emt 0:00:14] C67: Ruy Lopez: Berlin Defence: 4 0-0 Nxe4.} Be7 7. Nc3 a6 {[%emt 0:01:15] is now more promising than 7...0-0.} 8. Bf1 {[%emt 0:00:28] The position is equal.} e4 9. Nxe4 Nxe4 10. Rxe4 d5 11. Re1 d4 12. Bd3 Be6 13. Be4 Bd5 14. d3 O-O 15. Bf4 Bxe4 16. Rxe4 f5 17. Re6 $146 (17. Re1 Bf6 18. Qb1 Qd7 19. b4 b5 20. Qb3+ Qf7 21. Re6 Nd8 22. Rxf6 gxf6 23. Nxd4 Qxb3 24. cxb3 {½-½ Van Foreest,J (2678)-Fressinet,L (2631) Olympiad-44 Chennai 2022 (7.2)}) 17... g5 18. Rxe7 Qxe7 19. Nxg5 Rae8 20. Kf1 {[%emt 0:07:07] Inhibits Qe2+.} Ne5 21. Nf3 Nxf3 22. Qxf3 Rf7 23. g3 Qb4 24. b3 c6 25. a5 Qc5 26. Ra4 Qxc2 27. Rxd4 {[%emt 0:02:34] [#]} Re1+ 28. Kg2 $1 $11 (28. Kxe1 Qc3+ (28... Qxb3 $2 29. Kf1 $18) 29. Kf1 Qxd4) 28... Qe2 29. Qxe2 Rxe2 {[%emt 0:00:30][%mdl 4096] Endgame KRR-KRB} 30. Kf3 {[%emt 0:02:51] Repels h5} Rb2 31. b4 (31. Rd8+ $11 {was preferable.} Rf8 32. Rd7 Rxb3 33. Be5) 31... Re7 (31... Kg7 $15) 32. Bg5 Re6 33. h4 Kg7 (33... h5 $11) 34. h5 (34. Rd7+ $14 Kg6 35. Be7 (35. Rxb7 c5 $11)) 34... h6 $1 35. Rd7+ Kg8 $2 ({Black should play} 35... Kf8 $11 36. Rd8+ Kf7 37. Rd7+ Ke8 38. Rd8+ Kf7) 36. Be7 $16 Rxe7 37. Rxe7 Rxb4 $18 {[%emt 0:00:09] KR-KR} 38. Re5 {[%emt 0:00:31] White is more active.} Rb5 {[%emt 0:03:56] [#]} 39. Kf4 Rb4+ $2 (39... Rb3 {keeps fighting.} 40. Re7 (40. Rxf5 Rxd3 41. Ke5 c5 $16) 40... Rxd3 41. Rxb7 (41. Kxf5 Rd5+ 42. Kf6 Rxh5 $16) 41... Rd5) 40. Kxf5 {[%emt 0:01:43] and Kg6 should not be overlooked} Rd4 (40... Kf7 $142 41. f4 Rb1) 41. f4 {[%emt 0:04:36][%cal Bf2f4,Bf4g5,Bg5g6][%mdl 32] White is clearly winning.} Rxd3 42. g4 Kf7 (42... Rd8 $142 43. g5 Kf8) 43. g5 hxg5 44. fxg5 Rf3+ 45. Kg4 Rb3 46. g6+ {[%emt 0:00:57] Weighted Error Value: White=0.12 (very precise) /Black=0.51  Mistake:       	White=2     	Black=6      Inaccurate:     	White=4     	Black=2      OK:         	White=15    	Black=14     Best:        	White=3     	---        Strong:       	White=1     	Black=1} 1-0

[Event "Karel Janecek Open 2025"]
[Site "Prague"]
[Date "2025.03.05"]
[Round "7.10"]
[White "Kraus, Tomas"]
[Black "Chittka, Julius"]
[Result "1/2-1/2"]
[Annotator "TA"]
[ECO "D32"]
[WhiteElo "2451"]
[BlackElo "2313"]
[PlyCount "80"]
[EventDate "2025.02.21"]
[EventType "swiss"]
[EventCountry "CZE"]
[SourceTitle "playchess.com"]
[Source "ChessBase"]
[SourceQuality "1"]
[TimeControl "40/5400+30:1800+30"]

1. c4 e6 2. Nf3 d5 3. e3 Nf6 4. Nc3 Bd6 5. b3 c5 6. cxd5 exd5 7. Bb2 O-O 8. d4 Nc6 9. Be2 cxd4 10. Nxd4 Nxd4 $1 {[%emt 0:00:57] 10...Nxd4 is better than 10...Re8.} 11. Qxd4 Re8 12. O-O Be5 {[%emt 0:02:33] D32: Tarrasch Defence: Sidelines and lines without g3.} 13. Qd2 Bg4 14. Bb5 Bd7 15. Bxd7 Qxd7 16. Rad1 Rad8 $146 ({Predecessor:} 16... Rac8 17. Na4 Qf5 18. Bxe5 Qxe5 19. Qd4 Qxd4 20. exd4 Rc2 21. a3 h5 22. h3 b6 {½-½ Van der Sterren,P (2560)-Van der Wiel,J (2570) Hoogovens op 1995 (12)}) 17. Ne2 Ne4 18. Qc2 Rc8 (18... f6 {simplifies} 19. Bd4 Qd6 20. Bxe5 fxe5 21. Rc1 Qb6) 19. Qb1 Qd6 20. h3 Qf6 (20... Bh2+ $11 {deserves consideration.} 21. Kh1 Be5) 21. Bd4 a5 {[%emt 0:11:51] [#]} 22. Nf4 $1 Rcd8 {[%emt 0:03:20] [#]} (22... Qc6 23. Bxe5) 23. Nxd5 $1 Rxd5 24. Qxe4 Qd8 {[%emt 0:05:08][%cal Oe5h2] And now ...Bh2+! would win.} 25. Qg4 (25. Bb6 $142 $1 Bh2+ 26. Kh1 (26. Kxh2 Qd6+ 27. Qf4 Rxd1 $15) 26... Rxd1 27. Qxe8+ Qxe8 28. Rxd1) 25... Bxd4 $16 26. Rxd4 Rxd4 27. exd4 {[%emt 0:00:15][%mdl 4096] Endgame KQR-KQR. White is a pawn up.} Qd5 28. Rc1 h5 29. Qf4 b6 {[%emt 0:00:24] Prevents Rc5.} 30. Rc7 (30. Rc3 $16) 30... Re1+ ({Better is} 30... Re4 $11 31. Rc8+ Kh7) 31. Kh2 $14 Re4 32. Rc8+ Kh7 33. Qb8 {[%emt 0:00:10] White is more active.} Rxd4 34. Qxb6 (34. Rh8+ $16 Kg6 35. Qxb6+ f6 36. Qb8) 34... Qe5+ $15 35. g3 h4 $36 {[%emt 0:00:26][%mdl 3072] Black has compensation. Black fights for an advantage.} 36. Rc2 $2 {[%emt 0:01:23][%mdl 8192] [#]} (36. Rc3 $15) 36... Qe4 $2 (36... Rd3 $1 $19 37. Qc7 hxg3+ 38. fxg3 Rd2+ 39. Rxd2 Qxc7) 37. Qc5 $11 g6 {[%emt 0:00:53] Against Qh5+} 38. Qc7 $2 {[%emt 0:01:03][%mdl 8192] [#]} (38. Rc4 $14 hxg3+ 39. Kxg3 Rd3+ 40. Kh2) 38... Qd5 $2 (38... Qf3 $1 $19 {( -> ...Rd1)} 39. Qc3 Rd3) 39. Rc4 {[%emt 0:03:44] Threatens to win with Rxd4.} hxg3+ 40. Qxg3 Rxc4 {[%emt 0:00:38] Weighted Error Value: White=0.62/Black=0.53  Loses game:     	White=2     	---        Missed win:     	---       	Black=2      Mistake:       	White=3     	Black=2      Inaccurate:     	White=2     	Black=4      OK:         	White=8     	Black=6      Best:        	White=4     	Black=3      Brilliant:      	White=1     	---} 1/2-1/2

[Event "Karel Janecek Open 2025"]
[Site "Prague"]
[Date "2025.03.05"]
[Round "7.11"]
[White "Winter, Ondrej"]
[Black "Rubes, Jan"]
[Result "0-1"]
[Annotator "ChessBase"]
[ECO "C54"]
[WhiteElo "2319"]
[BlackElo "2444"]
[PlyCount "74"]
[EventDate "2025.02.21"]
[EventType "swiss"]
[EventCountry "CZE"]
[SourceTitle "playchess.com"]
[Source "ChessBase"]
[SourceQuality "1"]
[TimeControl "40/5400+30:1800+30"]

1. e4 e5 2. Nf3 Nc6 3. Bc4 Nf6 4. d3 Bc5 5. c3 d6 6. O-O a5 7. a4 Ba7 8. Nbd2 O-O 9. h3 Be6 10. Bxe6 fxe6 11. Nc4 Qe8 12. Be3 Nh5 13. d4 exd4 14. Nxd4 Bxd4 15. cxd4 d5 16. Ne5 Nf6 17. Nxc6 Qxc6 18. e5 Nd7 19. Rc1 Qb6 20. b3 Rf7 21. Qd3 c6 22. f4 Qa6 23. Qc2 Raf8 24. g4 c5 25. f5 cxd4 26. Bxd4 exf5 27. Rxf5 Rxf5 28. gxf5 Qh6 29. e6 Nf6 30. Bxf6 Qxf6 31. Re1 Qh4 32. Re2 Qxh3 33. e7 Re8 34. Qc5 Qxf5 35. Qe3 h6 36. Qb6 Qg5+ 37. Kh1 Qh5+ 0-1

[Event "Karel Janecek Open 2025"]
[Site "Prague"]
[Date "2025.03.05"]
[Round "7.12"]
[White "Druska, Juraj"]
[Black "Simek, Petr"]
[Result "1-0"]
[Annotator "ChessBase"]
[ECO "D24"]
[WhiteElo "2442"]
[BlackElo "2322"]
[PlyCount "69"]
[EventDate "2025.02.21"]
[EventType "swiss"]
[EventCountry "CZE"]
[SourceTitle "playchess.com"]
[Source "ChessBase"]
[SourceQuality "1"]
[TimeControl "40/5400+30:1800+30"]

1. d4 Nf6 2. c4 e6 3. Nf3 d5 4. Nc3 dxc4 5. e4 Bb4 6. Bxc4 Nxe4 7. O-O Nf6 8. Qa4+ Nc6 9. Ne5 Bd6 10. Nxc6 bxc6 11. Qxc6+ Bd7 12. Qf3 O-O 13. Bg5 Rb8 14. b3 h6 15. Bh4 Be7 16. Rad1 Nd5 17. Bxe7 Nxe7 18. d5 exd5 19. Nxd5 Nxd5 20. Rxd5 Qc8 21. Ra5 Qb7 22. Qe3 Ra8 23. Rc1 Qb6 24. Rc5 Rae8 25. Qc3 c6 26. b4 Re7 27. Bf1 Rd8 28. g3 Be8 29. a3 Rd6 30. Bg2 Ree6 31. h4 Qd8 32. Bf1 Kh7 33. Ra5 Rf6 34. Qe3 Rd2 35. Re5 1-0

[Event "Karel Janecek Open 2025"]
[Site "Prague"]
[Date "2025.03.05"]
[Round "7.13"]
[White "Klek, Hanna Marie"]
[Black "Gkoumas, Georgios"]
[Result "0-1"]
[Annotator "ChessBase"]
[ECO "C13"]
[WhiteElo "2289"]
[BlackElo "2438"]
[PlyCount "98"]
[EventDate "2025.02.21"]
[EventType "swiss"]
[EventCountry "CZE"]
[SourceTitle "playchess.com"]
[Source "ChessBase"]
[SourceQuality "1"]
[TimeControl "40/5400+30:1800+30"]

1. e4 e6 2. d4 d5 3. Nc3 Nf6 4. Bg5 dxe4 5. Bxf6 gxf6 6. Nxe4 f5 7. Nc3 Bg7 8. Nf3 c5 9. dxc5 Bxc3+ 10. bxc3 Qxd1+ 11. Rxd1 Ke7 12. Nd4 Bd7 13. Rb1 Bc6 14. Nxc6+ bxc6 15. Rb7+ Nd7 16. Ba6 Rhb8 17. Kd2 Rxb7 18. Bxb7 Rd8 19. Ke3 Ne5 20. Rb1 Rd5 21. Rb4 Ng4+ 22. Ke2 Rxc5 23. h3 Ne5 24. Ra4 a5 25. Kd2 Nc4+ 26. Kc1 Nd6 27. Ba6 Ne4 28. f3 Nxc3 29. Rh4 Nxa2+ 30. Kb2 Nb4 31. Bc4 Nd5 32. Bd3 Nf6 33. Rh6 f4 34. h4 Rd5 35. Kb3 Rd8 36. Ka4 Ra8 37. Bf1 Ra7 38. Bd3 Ra8 39. Bf1 e5 40. Bd3 Rg8 41. Bf1 Rg6 42. Rxg6 fxg6 43. c4 Kd6 44. Kxa5 Kc5 45. Ka6 Kd4 46. Kb6 c5 47. Be2 Nh5 48. Kb5 Ng3 49. Bd1 Nf5 0-1

[Event "Karel Janecek Open 2025"]
[Site "Prague"]
[Date "2025.03.05"]
[Round "7.14"]
[White "Atoyan, Alberto"]
[Black "Sofronie, Iulian"]
[Result "0-1"]
[Annotator "ChessBase"]
[ECO "C55"]
[WhiteElo "2235"]
[BlackElo "2380"]
[PlyCount "82"]
[EventDate "2025.02.21"]
[EventType "swiss"]
[EventCountry "CZE"]
[SourceTitle "playchess.com"]
[Source "ChessBase"]
[SourceQuality "1"]
[TimeControl "40/5400+30:1800+30"]

1. e4 e5 2. Nf3 Nc6 3. Bc4 Nf6 4. d3 h6 5. O-O d6 6. a4 g5 7. c3 Bg7 8. Re1 O-O 9. d4 Nd7 10. d5 Ne7 11. Nbd2 Ng6 12. h3 Nf4 13. Nf1 Nf6 14. Ng3 g4 15. hxg4 Bxg4 16. Bxf4 exf4 17. Nf5 Nd7 18. Nxg7 Kxg7 19. Qd4+ Kg8 20. Nd2 Ne5 21. f3 Bh5 22. Kf2 Kh7 23. Rh1 Qg5 24. Rh3 Rg8 25. Rah1 Qxg2+ 26. Ke1 Bxf3 27. R1h2 Qg1+ 28. Qxg1 Rxg1+ 29. Kf2 Rg3 30. Rxh6+ Kg7 31. Rh7+ Kf6 32. R2h6+ Kg5 33. Nxf3+ Rxf3+ 34. Ke2 Re3+ 35. Kf1 Nxc4 36. Rh5+ Kg4 37. Kf2 Rxe4 38. Rh4+ Kg5 39. R7h6 Rg8 40. R4h5+ Kg4 41. Rh4+ Kf5 0-1

[Event "Karel Janecek Open 2025"]
[Site "Prague"]
[Date "2025.03.05"]
[Round "7.16"]
[White "Filgueiras, Nathan Felipe"]
[Black "Santamaria Fernandez, Guillermo"]
[Result "0-1"]
[Annotator "ChessBase"]
[ECO "B12"]
[WhiteElo "2335"]
[BlackElo "2225"]
[PlyCount "112"]
[EventDate "2025.02.21"]
[EventType "swiss"]
[EventCountry "CZE"]
[SourceTitle "playchess.com"]
[Source "ChessBase"]
[SourceQuality "1"]
[TimeControl "40/5400+30:1800+30"]

1. e4 c6 2. d4 d5 3. e5 Bf5 4. h4 h5 5. Bd3 Bxd3 6. Qxd3 e6 7. Nf3 Qa5+ 8. Nbd2 Nh6 9. O-O Nf5 10. Nb3 Qa6 11. Qd1 Be7 12. g3 Nd7 13. c3 Rc8 14. Bg5 Bxg5 15. Nxg5 g6 16. Nc1 c5 17. Ne2 cxd4 18. cxd4 O-O 19. Qd2 Rc4 20. b3 Rc6 21. Rfc1 Rfc8 22. Rxc6 Rxc6 23. Nf3 Qb6 24. Kg2 Nb8 25. Rd1 Na6 26. Ne1 Qb4 27. Qf4 Qa3 28. Rd2 Qe7 29. Kh3 Nc7 30. Ng2 Nb5 31. Ne3 Nxe3 32. fxe3 Qb4 33. Rd1 Rc2 34. Rf1 Qe7 35. Ng1 Nc3 36. Rf2 Rxa2 37. Rxa2 Nxa2 38. g4 hxg4+ 39. Qxg4 Nc3 40. Qg2 Ne4 41. Nf3 a5 42. h5 Qf8 43. Ng5 Qh6 44. Nxe4 Qxh5+ 45. Kg3 dxe4 46. Qxe4 Qg5+ 47. Kh2 Qe7 48. Qd3 Qh4+ 49. Kg2 Qg4+ 50. Kh2 Qf3 51. Qc3 Qf2+ 52. Kh1 Qf1+ 53. Kh2 b6 54. Kg3 Kg7 55. Kh2 g5 56. Qc7 g4 0-1

[Event "Karel Janecek Open 2025"]
[Site "Prague"]
[Date "2025.03.06"]
[Round "8.1"]
[White "Ioannidis, Evgenios"]
[Black "Grigoryan, Karen H."]
[Result "1/2-1/2"]
[Annotator "TA"]
[ECO "D37"]
[WhiteElo "2484"]
[BlackElo "2554"]
[PlyCount "57"]
[EventDate "2025.02.21"]
[EventType "swiss"]
[EventCountry "CZE"]
[SourceTitle "playchess.com"]
[Source "ChessBase"]
[SourceQuality "1"]
[TimeControl "40/5400+30:1800+30"]

1. d4 Nf6 2. c4 e6 3. Nf3 d5 4. Nc3 h6 5. g3 dxc4 6. Ne5 $146 {[%emt 0:01:35] D37: Queen's Gambit Declined: 5 Bf4.} (6. Bg2 c5 7. O-O Nc6 8. Ne5 Bd7 9. Nxc4 cxd4 10. Nb5 Bc5 11. Nbd6+ Bxd6 12. Nxd6+ Ke7 13. Nxb7 {1-0 Sychev,K (2534)-Melkumyan,H (2634) Chess.com Rapid Wk20 Swiss 2022 (4)}) 6... c5 7. Be3 Nc6 8. Qa4 {[%emt 0:05:16] White is slightly better.} (8. Nxc6 {simplifies} bxc6 9. dxc5 Qxd1+ 10. Rxd1 Be7 11. Bg2) 8... Bd7 9. Nxd7 Nxd7 10. dxc5 Bxc5 11. Bxc5 Nxc5 12. Qxc4 Qb6 13. Bg2 O-O 14. Qb5 Qxb5 15. Nxb5 Rfd8 16. Rc1 a6 17. Na3 Na4 18. b3 Nb6 19. Nc4 Nxc4 20. Rxc4 Rd6 21. Bxc6 Rad8 {[%emt 0:00:10][%csl Gd8][%cal Rd6d1] [#]} 22. f4 $1 bxc6 $11 {[%emt 0:01:41][%mdl 4096] Endgame KRR-KRR. The position is equal.} 23. Kf2 Rd2 24. a4 Rb2 25. Rxc6 Rdd2 26. Re1 Rxb3 27. Rxa6 Ra2 28. a5 Rba3 29. Rc1 {[%emt 0:02:16] Weighted Error Value: White=0.05 (flawless) /Black=0.06 (flawless)   Inaccurate:     	---       	Black=1      OK:         	White=11    	Black=9      Best:        	---       	Black=3} 1/2-1/2

[Event "Karel Janecek Open 2025"]
[Site "Prague"]
[Date "2025.03.06"]
[Round "8.2"]
[White "Vykouk, Jan"]
[Black "Beerdsen, Thomas"]
[Result "1/2-1/2"]
[Annotator "TA"]
[ECO "D12"]
[WhiteElo "2478"]
[BlackElo "2511"]
[PlyCount "101"]
[EventDate "2025.02.21"]
[EventType "swiss"]
[EventCountry "CZE"]
[SourceTitle "playchess.com"]
[Source "ChessBase"]
[SourceQuality "1"]
[TimeControl "40/5400+30:1800+30"]

1. Nf3 d5 2. d4 Nf6 3. e3 c6 4. c4 Bf5 5. Nc3 e6 6. cxd5 {[%emt 0:06:46] D12: Slav Defence: 3 Nf3 Nf6 4 e3 Bf5.} exd5 7. Nh4 Bg4 8. f3 Be6 9. g3 $146 ({Predecessor:} 9. Bd3 g6 10. O-O Nh5 11. g3 Bh3 12. Re1 Be7 13. Ng2 O-O 14. g4 Bxg2 15. Kxg2 {½-½ Froewis,G (2453)-Schmider,N (2307) Baden-Baden Swiss 1st 2021 (9)}) 9... Be7 10. Ng2 O-O 11. Nf4 Qc8 12. e4 dxe4 13. fxe4 Bg4 14. Be2 Bxe2 15. Qxe2 Re8 16. O-O c5 17. d5 Nbd7 18. e5 {[%emt 0:07:01] [#]} ({White should play} 18. Nh5 $11) 18... Bd6 $1 19. e6 Nf8 $2 (19... fxe6 $15 {keeps the upper hand.} 20. dxe6 Qc6 (20... Nf8 21. Nb5 $15)) 20. Nh5 $18 fxe6 21. Nxf6+ ({White must play} 21. Rxf6 $18 exd5 22. Be3 (22. Rxd6 $2 Rxe2 23. Nxe2 Qe8 $19) 22... gxf6 23. Nxf6+ (23. Nxd5 Kh8 $11) 23... Kh8 24. Nxe8 (24. Ncxd5 Re5 $17) 24... Qxe8 25. Re1 (25. Nxd5 Qe5 $14)) 21... gxf6 $16 22. Rxf6 {[%emt 0:00:21] White attacks} Qd7 $2 (22... exd5 $16 23. Qf3 c4 (23... Re1+ 24. Kf2 $16) 24. Qxd5+ (24. Rxd6 Qc5+ $14) 24... Re6) 23. Bh6 $2 (23. Qh5 $1 $18 {and the rest is easy.}) 23... exd5 {[%emt 0:00:32] [#]} 24. Qf3 {[%emt 0:00:04][%cal Oa1f1] White is much more active.} Be5 25. Nxd5 (25. Qxd5+ Qxd5 26. Nxd5 Rad8 27. Rxf8+ (27. Raf1 $2 Ng6 $19) 27... Rxf8 28. Bxf8 Rxd5 $19 (28... Bxb2 $2 29. Rd1 $19)) 25... Ng6 {[%emt 0:05:01] [#]} (25... Rad8 $14 26. Rd1 (26. Rf1 Ne6 $15) 26... Ne6 (26... Bxf6 27. Nxf6+ Kh8 28. Nxd7 Kg8 29. Nf6+ Kh8 30. Nxe8 Rxd1+ 31. Qxd1 Ne6 32. Qe2 Nd4 33. Qe5+ Kg8 34. Qg7#) (26... Bd4+ $2 27. Rxd4 cxd4 28. Rf5 $18)) 26. Rf5 (26. Rd1 $1 $16 {[%cal Of6g6] aiming for Rxg6+!.} Qh3 27. Be3) 26... Rad8 $1 $14 27. Rd1 {[%emt 0:04:03] Strong Rooks White (d1+f5)} Qe6 28. b3 Kh8 29. Bg5 {[%emt 0:00:16] Inhibits Nh4.} Rf8 30. g4 {[%emt 0:00:35][%cal Og1h1] Kh1! poses a challenge} Rde8 31. Rf1 Qc6 32. h4 Bg7 (32... Rxf5 $11 33. gxf5 Nxh4 34. Bxh4 Qh6) 33. Nf6 (33. h5 $14 Ne5 34. Qg2 Rxf5 35. Rxf5) 33... Qxf3 $11 {[%emt 0:00:41] Successful Defense Black. The position is equal.} 34. R5xf3 Re6 {[%emt 0:02:12] aiming for ...h6.} 35. h5 Ne5 36. Rf5 h6 37. Bh4 Nxg4 38. Nxg4 Rxf5 39. Rxf5 Re4 40. Nxh6 Rxh4 {[%emt 0:00:30][%mdl 4096] Endgame KRB-KRN} 41. Nf7+ Kg8 42. Nd6 Bf8 43. Nxb7 c4 44. bxc4 Rxc4 45. Kg2 Rb4 46. Nd8 Ra4 {[%emt 0:00:50] Prevents Ra5} 47. Rf2 Ra5 48. Ne6 Bh6 49. Kg3 Rxh5 50. Rf6 Rh1 51. Kg2 {[%emt 0:02:42] Weighted Error Value: White=0.30/Black=0.29 (precise)   Loses game:     	---       	Black=2      Missed win:     	White=1     	---        Mistake:       	White=4     	Black=2      Inaccurate:     	White=5     	Black=2      OK:         	White=18    	Black=18     Best:        	White=2     	Black=4      Strong:       	---       	Black=1} 1/2-1/2

[Event "Karel Janecek Open 2025"]
[Site "Prague"]
[Date "2025.03.06"]
[Round "8.3"]
[White "Rubes, Jan"]
[Black "Pechac, Jergus"]
[Result "1/2-1/2"]
[Annotator "TA"]
[ECO "E11"]
[WhiteElo "2444"]
[BlackElo "2603"]
[PlyCount "32"]
[EventDate "2025.02.21"]
[EventType "swiss"]
[EventCountry "CZE"]
[SourceTitle "playchess.com"]
[Source "ChessBase"]
[SourceQuality "1"]
[TimeControl "40/5400+30:1800+30"]

1. d4 Nf6 2. Nf3 d5 3. c4 e6 4. g3 Bb4+ 5. Bd2 a5 6. Bg2 O-O 7. a3 {[%emt 0:03:02] E11: Bogo-Indian.} Be7 8. Qc2 c6 9. O-O b6 10. Rc1 Ba6 11. cxd5 cxd5 12. Bf4 Nbd7 13. Nc3 Nh5 $146 (13... Rc8 14. Qa4 Rc4 15. Qd1 b5 16. e3 Qb6 17. Bf1 Rc6 18. a4 b4 19. Nb5 Rfc8 20. Rxc6 Rxc6 {1-0 Carlsen,M (2830)-Firouzja,A (2738) Chess.com Classic Div 1 W rapid 2024 (4.3)}) 14. Bd2 Qb8 15. a4 Rc8 16. Qb3 Bc4 {[%emt 0:13:45] An uneventful encounter.   Weighted Error Value: White=0.10 (very precise) /Black=0.08 (flawless)   Inaccurate:     	White=2     	Black=3      OK:         	White=3     	Black=2} 1/2-1/2

[Event "Karel Janecek Open 2025"]
[Site "Prague"]
[Date "2025.03.06"]
[Round "8.4"]
[White "Nyzhnyk, Illya"]
[Black "Druska, Juraj"]
[Result "1-0"]
[Annotator "TA"]
[ECO "D00"]
[WhiteElo "2569"]
[BlackElo "2442"]
[PlyCount "73"]
[EventDate "2025.02.21"]
[EventType "swiss"]
[EventCountry "CZE"]
[SourceTitle "playchess.com"]
[Source "ChessBase"]
[SourceQuality "1"]
[TimeControl "40/5400+30:1800+30"]

1. d4 d5 2. Bf4 Nf6 3. Nc3 a6 4. e3 Bf5 5. Nf3 e6 6. Ne5 {[%emt 0:00:52] D00: 1 d4 d5: Unusual lines.} Nbd7 7. g4 Nxe5 8. gxf5 {[%emt 0:01:03] The position is equal.} Nc6 9. fxe6 fxe6 10. Bh3 Qd7 11. a3 Bd6 12. Bg5 $146 ({Predecessor:} 12. Bxd6 cxd6 13. Qf3 O-O 14. Nxd5 Nxd5 15. Qxd5 Rf6 16. Qb3 Kh8 17. d5 Na5 18. Qb4 {1-0 Stefanova,A (2470)-Khotenashvili,B (2476) Hengshui IMSA blitz (Women) 2019 (4)}) 12... Qf7 13. Qe2 O-O 14. O-O-O Kh8 15. Kb1 b5 16. e4 (16. Rhg1 $11 {remains equal.}) 16... b4 $1 $17 17. axb4 Bxb4 {[%emt 0:00:08] Black sacrificed a pawn} 18. exd5 (18. Bxf6 $1 $11 Qxf6 19. Qd3) 18... Bxc3 $1 19. dxc6 Rab8 20. Bc1 {[%emt 0:05:58][%cal Od1d3] [#]} (20. Bxe6 Rxb2+ 21. Kc1 Ra2 (21... Qg6 22. Bxf6 Rxf6 23. Bb3 $14)) 20... Rxb2+ $2 {[%emt 0:20:07][%mdl 8192] Black attacks} 21. Bxb2 $16 {[%emt 0:00:09] White now steadily converts the win.} Rb8 22. Rd3 $1 Nd5 {[%emt 0:00:17] [#]} (22... Bxb2 $16 23. Rb3 (23. Qxe6 Bc3+ 24. Ka2 Rb2+ 25. Ka1 Rxc2+ 26. Kb1 Rb2+ 27. Kc1 Qf8 $18) (23. Bxe6 Qe8 $18) 23... Rxb3 24. cxb3 (24. Bxe6 Qe8 $18) 24... Bxd4 25. Qxe6 (25. Qxa6 $2 {is the wrong capture.} Qg6+ 26. Kc1 Qh6+ 27. Kc2 Qxh3 $19) 25... Qxe6 26. Bxe6 Bxf2) 23. Qf3 $1 $18 Qxf3 24. Rxf3 Bxb2 {[%emt 0:00:09] [#]} 25. Rb3 Rxb3 26. cxb3 Bxd4 27. Bxe6 {[%emt 0:00:06][%mdl 4096] Endgame KRB-KBN} Nc3+ 28. Kc2 Na2 $2 (28... h6 {is a better defense.} 29. Bc4 Na2) 29. Kd3 Be5 30. Kc4 g6 31. Rd1 Kg7 32. Rd2 Nc3 {[%emt 0:03:44] [#]} 33. f4 $1 Bxf4 34. Kxc3 {[%emt 0:00:55] and Rd7+ would now be decisive} Bxd2+ (34... g5 $18 35. Re2 (35. Rd7+ Kf6 $18) 35... h5) 35. Kxd2 Kf6 36. Bc8 (36. Bd7 $142 h5 37. Kc3) 36... a5 37. Kc3 {[%emt 0:00:04] Weighted Error Value: White=0.35/Black=0.68  Mistake:       	White=2     	Black=4      Inaccurate:     	White=1     	---        OK:         	White=16    	Black=12     Best:        	White=1     	Black=3      Strong:       	White=2     	Black=2} 1-0

[Event "Karel Janecek Open 2025"]
[Site "Prague"]
[Date "2025.03.06"]
[Round "8.5"]
[White "Raja Rithvik R"]
[Black "Gkoumas, Georgios"]
[Result "1/2-1/2"]
[Annotator "TA"]
[ECO "C01"]
[WhiteElo "2522"]
[BlackElo "2438"]
[PlyCount "68"]
[EventDate "2025.02.21"]
[EventType "swiss"]
[EventCountry "CZE"]
[SourceTitle "playchess.com"]
[Source "ChessBase"]
[SourceQuality "1"]
[TimeControl "40/5400+30:1800+30"]

1. e4 e6 2. d4 d5 3. exd5 exd5 4. Nf3 Bd6 5. Bd3 Ne7 6. O-O O-O 7. Nc3 c6 8. Ne2 Bf5 9. Ng3 {[%emt 0:00:14] C01: French: Exchange Variation.} Bxd3 10. Qxd3 Nd7 11. Re1 Re8 12. Bg5 f6 13. Bd2 Nf8 14. Re2 Qd7 15. Rae1 Neg6 16. Nf5 $146 ({Predecessor:} 16. Qf5 Rxe2 17. Rxe2 Bxg3 18. Qxd7 Bxh2+ 19. Kxh2 Nxd7 20. g3 Kf7 21. a3 Re8 22. Rxe8 Kxe8 {0-1 Mendez Nunez,J (1729)-Hernandez Perez,J (1957) Getxo Semana Santa U2200 op 1st 2019 (2)}) 16... Rxe2 17. Rxe2 Bc7 (17... Ne6 $5 18. g3 $8 Re8 $11) 18. g3 {[%emt 0:15:58] The position is symmetric and equal} Re8 19. Rxe8 Qxe8 20. Bb4 Qe6 21. h4 a5 22. Ba3 h5 23. Nd2 b5 $1 {[%emt 0:07:10] White must now prevent ...b4.} 24. c3 Qe1+ {[%emt 0:03:51] Black attacks} 25. Kg2 Ne6 26. Nh6+ Kh7 $1 {[%emt 0:00:15] Black has space advantage and is better} 27. Nf7 {[%emt 0:00:03] [#]} Nef4+ $1 28. gxf4 {[%emt 0:00:06][%cal Of7h8] Nh8! is the strong threat.} Qe6 $1 (28... Qd1 29. Qf5 Qg4+ 30. Qxg4 hxg4 31. Bd6 Nxh4+ 32. Kh2 $18) 29. Ne5 fxe5 30. fxe5 {[%emt 0:00:03] [#]} b4 31. cxb4 $11 {[%emt 0:03:04] The position is equal.} Qg4+ 32. Kf1 Qd1+ 33. Kg2 Qg4+ 34. Kf1 Qd1+ {[%emt 0:02:04] Weighted Error Value: White=0.08 (flawless) /Black=0.08 (flawless)   Mistake:       	---       	Black=1      Inaccurate:     	White=1     	Black=1      OK:         	White=9     	Black=10     Best:        	White=3     	Black=3      Strong:       	---       	Black=3} 1/2-1/2